 Dungeon Crawl Stone Soup version 0.29.1-15-g9cfb28693d (webtiles) character file.

Game seed: 13984821682713024247

111 promet the Trooper (level 4, -7/36 (41) HPs)
             Began as a Minotaur Monk on Mar 12, 2023.
             Mangled by a kobold
             ... wielding a +1 dagger of electrocution
              (14 damage)
             ... in a sewer on Mar 13, 2023.
             The game lasted 00:09:43 (2326 turns).

promet the Trooper (Minotaur Monk)                  Turns: 2326, Time: 00:09:45

HP:   -7/36 (41)    AC:  3    Str: 15    XL:     4   Next: 62%
MP:   3/3           EV: 13    Int:  7    God:
Gold: 90            SH:  0    Dex: 15    Spells: 3/3 levels left

rFire   . . .      SeeInvis .     - Unarmed
rCold   . . .      Faith    .   (no shield)
rNeg    . . .      Spirit   .   a - +0 robe
rPois   .          Reflect  .   (helmet restricted)
rElec   .          Harm     .   (no cloak)
rCorr   .          Rampage  .   j - +0 pair of gloves
Will    .....                   (no boots)
Stlth   ++........              (no amulet)
HPRegen 0.12/turn               (no ring)
MPRegen 0.08/turn               (no ring)

@: heavily drained
A: horns 2, retaliatory headbutt
a: no special abilities


You were in a sewer.
You visited 1 branch of the dungeon, and saw 3 of its levels.
You also visited: Sewer.

You collected 164 gold pieces.
You spent 74 gold pieces at shops.

Inventory:

Hand Weapons
 q - a +1 dagger of venom
Missiles
 e - 44 stones (quivered)
 l - 5 poisoned darts
 n - 2 throwing nets
Armour
 a - a +0 robe (worn)
 j - a +0 pair of gloves (worn)
Magical Staves
 f - a staff of poison
Scrolls
 c - 2 scrolls of identify
 g - 2 scrolls of immolation
 h - a scroll of enchant weapon
 i - a scroll of amnesia {unknown}
 o - a scroll of summoning {unknown}
Potions
 b - a potion of ambrosia
 d - a potion of resistance
 m - 2 potions of brilliance
 p - a potion of mutation {unknown}


   Skills:
 + Level 4.4 Fighting
 + Level 4.2 Dodging
 + Level 2.1 Stealth
 + Level 4.4 Unarmed Combat


You had 3 spell levels left.
You didn't know any spells.
Your spell library contained the following spells:

 Spells                   Type           Power      Damage    Failure   Level
 Shock                    Conj/Air       0%         1d3       43%         1
 Scorch                   Fire           0%         2d5       56%         2
 Ignite Poison            Fire/Tmut/Pois 0%         N/A       80%         3
 Swiftness                Air            0%         N/A       80%         3


Dungeon Overview and Level Annotations

Branches:
Dungeon (3/15)              Sewer (1/1)

Altars:

Shops:
D:1 [   D:3 (


Innate Abilities, Weirdness & Mutations

You have a pair of horns on your head.
You reflexively headbutt those who attack you in melee.


Message History

You hit the kobold brigand but do no damage.
The kobold brigand is moderately wounded.
The kobold barely misses you.
The kobold brigand splashes around in the water.
The kobold hits you with a +0 dagger.
You hit the kobold brigand.
Your headbutt misses the kobold brigand.
The kobold brigand is moderately wounded.
The kobold brigand misses you. You furiously retaliate!
You headbutt the kobold brigand. The kobold barely misses you.
You feel better. The kobold closely misses you.
The kobold hits you with a +0 short sword.
The kobold hits you but does no damage.
The kobold brigand hits you with a +1 dagger of draining!
You feel drained.
You barely miss the kobold brigand. You punch the kobold brigand.
The kobold brigand is severely wounded.
The kobold hits you but does no damage. The kobold barely misses you. x2
The kobold brigand hits you with a +1 dagger of draining.
You feel drained.
* * * LOW HITPOINT WARNING * * *
Okay, then.
You hit the kobold brigand.
Your headbutt misses the kobold brigand.
The kobold brigand is severely wounded.
The kobold hits you with a +0 dagger.
* * * LOW HITPOINT WARNING * * *
The kobold hits you with a +1 dagger of electrocution.
* * * LOW HITPOINT WARNING * * *
The kobold hits you with a +0 short sword.
* * * LOW HITPOINT WARNING * * *
The kobold brigand splashes around in the water.
The kobold barely misses you.
You barely miss the kobold brigand.
Your headbutt misses the kobold brigand.
The kobold brigand is severely wounded.
The kobold barely misses you. You furiously retaliate!
You headbutt the kobold, but do no damage.
The kobold hits you but does no damage.
You are electrocuted!
You die...

#### ### ####..####.###
#............#####
.................###
...................#
...................## ####
.†.............KKK..#.!.!#
.P.~.......~~~..@K~.'..!.#
~~~P~...~~~~~~...K~~'!.∩.#
~~~~~P..P~P~~P~P.~~~#....#
#~#~#######~##############
~~~~~~ ~~~ ≈≈~≈≈≈ ~≈≈ ~~ ~


You could see a kobold brigand and 4 kobolds.

Vanquished Creatures
  Jessica (D:2)
  3 adders
  A dart slug (D:1)
  An orc (D:3)
  4 endoplasms
  A giant cockroach (D:3)
  6 goblins
  4 hobgoblins
  4 jackals (D:1)
  5 kobolds
  A quokka (D:2)
  9 ball pythons
  3 bats
  5 frilled lizards
  8 rats
56 creatures vanquished.

Vanquished Creatures (others)
  A plant (Sewer)
1 creature vanquished.

Grand Total: 57 creatures vanquished

Notes
Turn   | Place    | Note
-------+----------+-------------------------------------------
     0 | D:1      | promet the Minotaur Monk began the quest for the Orb.
     0 | D:1      | Reached XP level 1. HP: 19/19 MP: 0/0
    96 | D:1      | Found Taxish's Armour Boutique.
   274 | D:1      | Reached XP level 2. HP: 27/27 MP: 1/1
   341 | D:1      | Found a faded altar of an unknown god.
  1186 | D:2      | Noticed Jessica
  1188 | D:2      | Reached XP level 3. HP: 33/33 MP: 2/2
  1198 | D:2      | Killed Jessica
  1535 | D:2      | Reached XP level 4. HP: 41/41 MP: 3/3
  1759 | D:2      | Identified the +4 leather armour "Xeatipne" {-Tele rF+++}
  1934 | D:3      | Found Woibec's Weapon Shop.
  1938 | D:3      | Bought 2 poisoned darts for 8 gold pieces
  1938 | D:3      | Bought 2 throwing nets for 66 gold pieces
  2021 | D:3      | Got the Exposition on Cloudy Calefaction
  2149 | D:3      | Found a glowing drain.
  2170 | Sewer    | Entered a sewer
  2313 | Sewer    | Noticed a kobold brigand
  2326 | Sewer    | Mangled by a kobold

Illustrated notes

Levels and vault maps discovered:
D:1:      dpeg_arrival_prison, layout_loops_corners, basic_ecumenical_altar,
          serial_shops, shop, minmay_misc_feat_rugged
D:2:      layout_basic, supply_closet_lemuel, kennysheep_cross_room,
          uniq_jessica
D:3:      layout_basic, portal_sewer_entry_c, serial_shops,
          nicolae_shop_hallway_stairs, kennysheep_generic_room_9, uniq_natasha
Sewer:    kennysheep_pipe_town

Skill      XL: |  1  2  3  4 |
---------------+-------------+-----
Fighting       | 4 |  4.4
Unarmed Combat | 4 |  4.4
Dodging        | 4 |  4.2
Stealth        | 2 |  2.1

Action                   |  1- 3 |  4- 6 || total
-------------------------+-------+-------++-------
Melee: Unarmed           |    69 |    52 ||   121
       Headbutt          |    14 |    11 ||    25
       Punch             |       |     3 ||     3
  Use: Scroll            |     6 |     1 ||     7
       Potion            |       |     1 ||     1
 Stab: Sleeping          |     2 |     1 ||     3
       Distracted        |       |     1 ||     1
Armor: Robe              |    11 |    13 ||    24
Dodge: Dodged            |    46 |    45 ||    91
